 Dungeon Crawl Stone Soup version 0.28.0 (webtiles) character file.

Game seed: 12442319990128934201

15 psuckher the Sneak (level 2, 0/24 HPs)
             Began as a Demonspawn Delver on Feb 15, 2022.
             Was an Initiate of Dithmenos.
             Succumbed to an adder's poison
             ... on level 4 of the Dungeon.
             The game lasted 00:01:49 (222 turns).

psuckher the Sneak (Demonspawn Delver)               Turns: 222, Time: 00:01:49

Health: 0/24       AC:  3    Str: 12    XL:     2   Next: 34%
Magic:  2/2        EV: 11    Int: 11    God:    Dithmenos [......]
Gold:   21         SH:  0    Dex: 14    Spells: 1/1 levels left

rFire   . . .      SeeInvis .   a - +0 hand axe
rCold   . . .      Faith    .   (no shield)
rNeg    . . .      Spirit   .   b - +0 leather armour
rPois   .          Reflect  .   (no helmet)
rElec   .          Harm     .   (no cloak)
rCorr   .          Rampage  .   (no gloves)
Will    .....                   (no boots)
Stlth   +++.......              (no amulet)
HPRegen 0.08/turn               h - ring of wizardry
MPRegen 0.08/turn               (no ring)

@: lethally poisoned (0 -> -2)
A: powered by death 1
a: Renounce Religion


You were on level 4 of the Dungeon.
You worshipped Dithmenos.
Dithmenos was noncommittal.
You visited 2 branches of the dungeon, and saw 3 of its levels.

You collected 21 gold pieces.

Inventory:

Hand Weapons
 a - a +0 hand axe (weapon)
Armour
 b - a +0 leather armour (worn)
Jewellery
 h - a ring of wizardry (left hand)
Wands
 g - a wand of digging (3)
Scrolls
 c - a scroll of fog
 d - a scroll of magic mapping
Potions
 f - a potion of haste


   Skills:
 + Level 3.1 Fighting
 + Level 1.8 Axes
 + Level 1.8 Dodging
 + Level 5.0 Stealth


You had one spell level left.
You didn't know any spells.
Your spell library was empty.

Dungeon Overview and Level Annotations

Branches:
Dungeon (5/15)             Temple (1/1) D:5

Altars:
Ashenzari
Cheibriados
Dithmenos
Fedhas
Gozag
Hepliaklqana
Kikubaaqudgha
Makhleb
Nemelex Xobeh
Okawaru
Ru
Uskayaw
Vehumet
Xom
Zin
The Shining One


Innate Abilities, Weirdness & Mutations

You regenerate a little health from kills.


Message History

a +0 short sword; 4 stones
i - a scroll labelled OLOUSM AN OSMA
Things that are here:
a +0 short sword; 4 stones An adder comes into view.
Found a stone staircase leading down.
The adder hisses angrily.
The adder completely misses you.
You barely miss the adder. The adder bites you.
The adder bites you but does no damage.
You completely miss the adder. The adder closely misses you.
You hit the adder.
The adder is moderately wounded.
The adder bites you.
* * * LOW HITPOINT WARNING * * *
The adder barely misses you.
You hit the adder but do no damage.
The adder is moderately wounded.
The adder closely misses you. The adder bites you.
* * * LOW HITPOINT WARNING * * *
You are lethally poisoned!
The adder poisons you!
You closely miss the adder.
The adder is moderately wounded.
* * * LOW HITPOINT WARNING * * *
You feel sick. The adder misses you.
As you read the scroll labelled OLOUSM AN OSMA, it crumbles to dust.
It is a scroll of identify.
You don't have any unidentified items.
* * * LOW HITPOINT WARNING * * *
You feel sick. The adder bites you.
* * * LOW HITPOINT WARNING * * *
The adder barely misses you.
As you read the scroll of fear, it crumbles to dust.
You assume a fearsome visage.
The adder looks frightened!
* * * LOW HITPOINT WARNING * * *
You feel sick.
* * * LOW HITPOINT WARNING * * *
You feel sick.
You die...

##.######
##)......# ##
#..)..##.# ..
#.....##.# ..
#.....##.# .# #
##....##.# .##.#
#.......### ..S
####......######>#
#.#.##.#..@...#
#.#......######
#.####.### #.# #.#
#.. ..# ### ####


There were no monsters in sight!

Vanquished Creatures
  A hound skeleton (D:4)
  An endoplasm (D:4)
  A kobold (D:4)
3 creatures vanquished.

Notes
Turn   | Place    | Note
-------+----------+-------------------------------------------
     0 | D:5      | psuckher the Demonspawn Delver began the quest for the Orb.
     0 | D:5      | Reached XP level 1. HP: 18/18 MP: 1/1
    34 | D:5      | Found a staircase to the Ecumenical Temple.
    41 | Temple   | Entered the Ecumenical Temple
    48 | Temple   | Became a worshipper of Dithmenos the Shadowed
    63 | D:5      | Noticed a black bear
    85 | D:4      | Found a blossoming altar of Fedhas.
   161 | D:4      | Gained mutation: You regenerate a little health from kills.
                  | [demonic ancestry]
   161 | D:4      | Reached XP level 2. HP: 14/24 MP: 2/2
   188 | D:4      | Reached skill level 5 in Stealth
   221 | D:4      | HP: 1/24 [poisoned by an adder]
   222 | D:4      | Succumbed to an adder's poison

Illustrated notes

Levels and vault maps discovered:
D:4:      layout_loops_cross, lemuel_crystal_altar, kennysheep_potato
D:5:      layout_basic, mainiacjoe_overflow_chevrons,
          minmay_temple_entry_gardened_gates, uniq_menkaure, uniq_eustachio
Temple:   nicolae_temple_no_exploring_needed

Skill      XL: |  1  2 |
---------------+-------+-----
Stealth        | 5 |  5.0
Fighting       | |  3.1
Axes           | |  1.8
Dodging        | |  1.8

Action                   || total
-------------------------++-------
Melee: Hand axe          ||    17
  Use: Scroll            ||     3
Armor: Leather armour    ||    10
Dodge: Dodged            ||    12
